 Dungeon Crawl Stone Soup version 0.21-a0-508-gf08a75f (webtiles) character file.

7 theanonym the Chopper (level 2, 0/28 HPs)
             Began as a Naga Monk on Nov 28, 2017.
             Slain by a jackal (1 damage)
             ... on level 1 of the Dungeon.
             The game lasted 00:00:44 (349 turns).

theanonym the Chopper (Naga Monk)                    Turns: 349, Time: 00:00:45

Health: 0/28       AC:  1    Str: 13    XL:     2   Next: 0%
Magic:  2/2        EV: 10    Int: 10    God:
Gold:   11         SH:  0    Dex: 13    Spells: 1/1 levels left

rFire    . . .     SeeInvis +   a - +0 hand axe
rCold    . . .     Gourm    .   (no shield)
rNeg     . . .     Faith    .   b - +0 robe
rPois    +         Spirit   .   (no helmet)
rElec    .         Reflect  .   (no cloak)
rCorr    .         Harm     .   (no gloves)
MR       .....                  (no barding)
Stlth    ++........             (no amulet)
HPRegen  0.09/turn              (no ring)
MPRegen  0.08/turn              (no ring)

@: very slow
A: large, see invisible, deformed body, poison resistance, slowness 2, slow
metabolism 1, spit poison 1, AC +0
a: Spit Poison


Innate Abilities, Weirdness & Mutations

You cannot wear boots.
Your serpentine skin is tough. (AC +0)
You have supernaturally acute eyesight. (SInv)
Armour fits poorly on your strangely shaped body.
Your system is resistant to poisons. (rPois)
You cover ground very slowly.
You have a slow metabolism.
You can spit poison.


   Skills:
 - Level 3.0 Fighting
 + Level 3.5 Axes
 - Level 2.4 Dodging
 - Level 3.0 Stealth


You had one spell level left.
You didn't know any spells.

Action                   || total
-------------------------++-------
Melee: Hand axe          ||    21
 Abil: Spit Poison       ||     2
 Stab: Sleeping          ||     1
Armor: Robe              ||     2
Dodge: Dodged            ||    14

Inventory:

Hand Weapons
 a - a +0 hand axe (weapon)
Armour
 b - a +0 robe (worn)
Comestibles
 c - a bread ration

Dungeon Overview and Level Annotations

Branches:
Dungeon (1/15)

Altars:


You were on level 1 of the Dungeon.
You were not hungry.

You visited 1 branch of the dungeon, and saw 1 of its levels.

You collected 11 gold pieces.


Message History

You hit the kobold. The kobold closely misses you. The kobold hits you.
You take 2 damage, and have 19/21 hp.
You closely miss the kobold. The kobold misses you.
The frilled lizard bites you.
You take 2 damage, and have 17/21 hp.
You hit the kobold.
You kill the kobold!
You closely miss the frilled lizard. The frilled lizard bites you.
You take 2 damage, and have 15/21 hp.
You slash the frilled lizard!
You kill the frilled lizard!
No target in view!
No target in view!
No target in view!
No target in view!
You start resting.
All of the chunks of flesh in your inventory have rotted away.
Things that are here:
3 stones; a kobold corpse You regained 5 hp, and now have 20/21 hp.
Found a chain mail.
Health restored: 21 You see here a chain mail.
You open the door.
Found a hunting sling.
There is an open door here.
There is an open door here.
You see here a chain mail.
You open the door. 2 jackals come into view.
There are monsters nearby!
A jackal comes into view.
The jackal barks! x3
The jackal bites you.
There is an open door here.
You take 3 damage, and have 18/21 hp.
You miss the jackal. You closely miss the jackal. The jackal bites you.
The jackal barely misses you.
You take 2 damage, and have 16/21 hp.
You closely miss the jackal. You completely miss the jackal.
The jackal bites you. x4
You take 4 damage, and have 12/21 hp.
You are too injured to fight recklessly!
You are too injured to fight recklessly!
The jackal barely misses you.
You completely miss the jackal. The jackal closely misses you.
Aim: a jackal The splash of poison misses the jackal. x2
The splash of poison hits the jackal.
You feel slightly more hungry. The jackal barely misses you.
The jackal bites you.
You take 1 damage, and have 11/21 hp.
You can't do that yet.
Unknown command.
You hit the jackal.
You kill the jackal!
You have reached level 2!
The jackal bites you.
* * * LOW HITPOINT WARNING * * *
You regained 2 hp, and now have 13/28 hp.
MP restored: 2 You completely miss the jackal.
The jackal closely misses you.
You hit the jackal. The jackal barely misses you. The jackal bites you.
* * * LOW HITPOINT WARNING * * *
You take 2 damage, and have 11/28 hp.
You completely miss the jackal. The jackal bites you.
* * * LOW HITPOINT WARNING * * *
The jackal barely misses you.
You take 3 damage, and have 8/28 hp.
You closely miss the jackal. The jackal bites you.
* * * LOW HITPOINT WARNING * * *
You take 2 damage, and have 6/28 hp.
You aren't carrying any items that you can evoke.
Unknown command.
You closely miss the jackal.
You have got your breath back.
The jackal bites you.
* * * LOW HITPOINT WARNING * * *
The jackal bites you.
* * * LOW HITPOINT WARNING * * *
You take 3 damage, and have 3/28 hp.
You aren't carrying any spellbooks or scrolls.
Unknown command.
The jackal bites you.
* * * LOW HITPOINT WARNING * * *
You take 1 damage, and have 2/28 hp.
You aren't carrying any items that you can evoke.
Unknown command.
Aim: a jackal (moderately wounded)
The splash of poison hits the jackal.
The jackal appears unharmed.
You feel slightly more hungry. The jackal closely misses you.
You aren't carrying any potions.
You hit the jackal. The jackal bites you.
* * * LOW HITPOINT WARNING * * *
The jackal closely misses you.
You take 1 damage, and have 1/28 hp.
You closely miss the jackal.
You have got your breath back.
The jackal bites you.
You die...

#^#####8<8####
#.##.........##.#
#.#8.........8#.#
#.#...........#.#
#.#8.........8#.#
#.##.........##.#
#.##.........# .######
##.######'######.......
#...........@hh'.......
#.##..##########.......
#.##..# #######
#.##..##### #.##.>....#
#.###.###.# #.# #.# #.#
#.# #.###.# #.# #.....#


You could see 2 jackals.

Notes
Turn   | Place    | Note
-------+----------+-------------------------------------------
     0 | D:1      | theanonym the Naga Monk began the quest for the Orb.
     0 | D:1      | Reached XP level 1. HP: 21/21 MP: 1/1
   340 | D:1      | Reached XP level 2. HP: 15/28 MP: 2/2
   340 | D:1      | HP: 13/28 [jackal (2)]
   344 | D:1      | HP: 6/28 [jackal (2)]
   346 | D:1      | HP: 2/28 [jackal (1)]
   349 | D:1      | Slain by a jackal

Vanquished Creatures
  A dart slug (D:1)
  A jackal (D:1)
  A kobold (D:1)
  A bat (D:1)
  A frilled lizard (D:1)
5 creatures vanquished.
